 Dungeon Crawl Stone Soup version 0.30-a0-636-g200c5c4a83 (webtiles) character file.

Game seed: 7327978776811313649

2725 Citaku the Protected (level 9, -3/79 HPs)
             Began as a Minotaur Fighter on Jan 15, 2023.
             Was an Initiate of Gozag.
             Slain by an orc warlord
             ... wielding a +4 battleaxe
              (19 damage)
             ... in a bailey.
             The game lasted 00:10:40 (7151 turns).

Citaku the Protected (Minotaur Fighter)             Turns: 7151, Time: 00:10:41

Health: -3/79      AC: 14    Str: 21 (24) XL:     9   Next: 40%
Magic:  8/8        EV:  9    Int:  3 (5)  God:    Gozag
Gold:   769        SH:  5    Dex: 10 (11) Spells: 8/8 levels left

rFire   + . .      SeeInvis .    a - +1 war axe
rCold   + . .      Faith    .    c - +0 buckler
rNeg    . . .      Spirit   .    b - +0 scale mail
rPois   .          Reflect  .    (helmet restricted)
rElec   .          Harm     .    (no cloak)
rCorr   .          Rampage  ∞    l - +0 pair of gloves
Will    .....                    g - +3 pair of seven-league boots {Rampage+∞} Stlth
                                 (no amulet)
HPRegen 0.33/turn                k - ring of protection from fire
MPRegen 0.11/turn                i - ring of protection from cold

@: mighty
A: horns 2, retaliatory headbutt
a: Renounce Religion, Potion Petition, Call Merchant, Bribe Branch


You were in a bailey.
You worshipped Gozag.
Gozag was pleased with you.
You visited 2 branches of the dungeon, and saw 8 of its levels.
You also visited: Bailey.

You collected 843 gold pieces.
You paid 74 gold pieces to Gozag.

Inventory:

Hand Weapons
 a - a +1 war axe (weapon)
Armour
 b - a +0 scale mail (worn)
 c - a +0 buckler (worn)
 g - the +3 pair of seven-league boots (worn) {Rampage+∞}
   (You found it on level 6 of the Dungeon)

   Rampage+∞: When moving toward enemies, its wearer moves as far as possible.
 l - a +0 pair of gloves (worn)
Jewellery
 i - a ring of protection from cold (right hand)
 k - a ring of protection from fire (left hand)
 n - a +6 ring of strength
Wands
 C - a wand of flame (14)
 E - a wand of digging (3)
 G - a wand of iceblast (3)
Scrolls
 e - 3 scrolls of teleportation
 f - a scroll of fear
 j - 2 scrolls of magic mapping
 m - a scroll of immolation
 q - 2 scrolls of fog
 s - a scroll of blinking
 x - a scroll of vulnerability
Potions
 h - a potion of cancellation
 o - 4 potions of curing
 t - a potion of flight
 u - a potion of brilliance
 D - a potion of attraction


   Skills:
 + Level 7.1 Fighting
 * Level 9.2 Axes
 * Level 9.8 Armour
 + Level 7.3 Shields


You had 8 spell levels left.
You didn't know any spells.
Your spell library contained the following spells:

 Spells                   Type           Power      Damage    Failure   Level
 Shock                    Conj/Air       0%         1d3       87%         1
 Slow                     Hex            0%         N/A       87%         1
 Confusing Touch          Hex            0%         N/A       99%         3
 Swiftness                Air            0%         N/A       99%         3
 Vampiric Draining        Necr           0%         2d6       99%         3
 Airstrike                Air            0%         2d(0-16)  100%        4


Dungeon Overview and Level Annotations

Branches:
Dungeon (7/15)             Temple (1/1) D:4          Bailey (1/1)

Altars:
Ashenzari
Dithmenos
Elyvilon
Fedhas
Gozag
Hepliaklqana
Kikubaaqudgha
Makhleb
Nemelex Xobeh
Okawaru
Qazlal
Ru
Sif Muna
Trog
Uskayaw
Vehumet
Wu Jian
Yredelemnul
Zin
The Shining One


Innate Abilities, Weirdness & Mutations

You have a pair of horns on your head.
You reflexively headbutt those who attack you in melee.


Message History

You start waiting.
You start waiting.
You start waiting.
You start waiting.
The orc warlord curses noisily.
You start waiting.
You start waiting.
You start waiting.
You start waiting.
You start waiting.
You start waiting.
You start waiting.
Done waiting.
Okay, then.
Okay, then.
You feel very mighty all of a sudden.
You open the gate. You slash the orc warlord!
The orc warlord is lightly wounded.
The orc warlord hits you with a +4 battleaxe!!
You barely miss the orc warlord.
You headbutt the orc warlord, but do no damage.
The orc warlord is lightly wounded.
The orc warlord barely misses you.
You hit the orc warlord but do no damage.
The orc warlord is lightly wounded.
The orc warlord hits you with a +4 battleaxe!!
You slash the orc warlord! Your headbutt misses the orc warlord.
The orc warlord is lightly wounded.
The orc warlord hits you with a +4 battleaxe!
* * * LOW HITPOINT WARNING * * *
You hit the orc warlord. You headbutt the orc warlord.
The orc warlord is moderately wounded.
You block the orc warlord's attack.
As you read the scroll of fear, it crumbles to dust.
You assume a fearsome visage.
The orc warlord resists with almost no effort.
The orc warlord hits you with a +4 battleaxe!!
You die...
Your body crumbles into a pile of gold.

##### ##### ##...## ##...##
##.....## ##.....##
##.......#######.......##
##..8..8...........8..8..##
#.........................#
#............@............#
#...8......#'o'#......8)).#
##......####~~~####......##
♣##.....#~~~~~~~~~#.....##♣
♣.##....#~.8...8.~#()..##.♣
♣♣..###'###.......###'###..♣♣
♣...~~~.# ~.8...8.~~#.)~~...♣
♣♣...~~~.#~.........~#.)(~...♣
♣∩...~~~.#~....∩....~#.~~~...∩♣


You could see an orc warlord.

Vanquished Creatures
  Eustachio (D:4)
  A water moccasin (D:5)
  2 sky beasts (D:6)
  5 orc warriors (Bailey)
  3 black bears
  3 phantoms
  3 necrophages
  2 bullfrogs (D:6)
  A scorpion (D:5)
  5 wights (D:6)
  An electric eel (D:6)
  3 hounds
  A jelly (D:5)
  An orc priest (D:6)
  A gnoll bouda (D:5)
  5 iguanas
  Ijyb (D:5)
  An orc wizard (D:6)
  7 gnolls
  11 adders
  A white imp (D:5)
  5 dart slugs
  8 worms
  8 orcs
  2 endoplasms
  3 giant cockroaches
  11 goblins
  7 hobgoblins
  3 jackals (D:1)
  10 quokkas
  10 ball pythons
  4 bats
  4 frilled lizards
  12 kobolds
  6 rats
152 creatures vanquished.

Vanquished Creatures (others)
  4 demonic plants (D:2)
  8 fungi (D:2)
  7 plants
  A withered plant (D:2)
20 creatures vanquished.

Grand Total: 172 creatures vanquished

Notes
Turn   | Place    | Note
-------+----------+-------------------------------------------
     0 | D:1      | Citaku the Minotaur Fighter began the quest for the Orb.
     0 | D:1      | Reached XP level 1. HP: 19/19 MP: 0/0
   197 | D:1      | Reached XP level 2. HP: 27/27 MP: 1/1
   663 | D:2      | Reached XP level 3. HP: 33/33 MP: 2/2
   707 | D:2      | Found a faded altar of an unknown god.
  1403 | D:3      | Reached XP level 4. HP: 40/40 MP: 3/3
  2112 | D:4      | Noticed Eustachio
  2126 | D:4      | Killed Eustachio
  2127 | D:4      | Reached skill level 5 in Armour
  2127 | D:4      | Reached XP level 5. HP: 20/47 MP: 4/4
  2230 | D:4      | Noticed a black bear
  2239 | D:4      | Killed a black bear
  2240 | D:4      | Reached XP level 6. HP: 34/53 MP: 5/5
  2311 | D:4      | Identified the +7 dagger "Foepp" {freeze, rPois}
  2449 | D:4      | Reached skill level 5 in Axes
  2461 | D:4      | Reached skill level 5 in Shields
  2520 | D:4      | Reached skill level 5 in Fighting
  2681 | D:4      | Found a staircase to the Ecumenical Temple.
  2795 | D:4      | Reached XP level 7. HP: 55/60 MP: 6/6
  3074 | Temple   | Entered the Ecumenical Temple
  3103 | Temple   | Became a worshipper of Gozag Ym Sagoz the Greedy
  3213 | D:5      | Entered Level 5 of the Dungeon
  3393 | D:5      | Noticed Ijyb
  3413 | D:5      | Killed Ijyb
  3512 | D:5      | Found a broken altar of Ashenzari.
  3931 | D:5      | Reached XP level 8. HP: 62/70 MP: 7/7
  4682 | D:6      | Found the +3 pair of seven-league boots {Rampage+∞}
  4925 | D:6      | Found a hide-covered altar of Uskayaw.
  5063 | D:6      | Reached XP level 9. HP: 78/78 MP: 8/8
  5497 | D:7      | Found a flagged portal.
  5509 | Bailey   | Entered a bailey
  5514 | Bailey   | Noticed an orc warlord
  5923 | Bailey   | Found a runed translucent gate.
  5926 | Bailey   | Found a runed translucent gate.
  6123 | Bailey   | Found a runed translucent gate.
  7151 | Bailey   | Slain by an orc warlord

Illustrated notes

Levels and vault maps discovered:
D:1:      dpeg_arrival_chambers_temple_mockup, layout_basic
D:2:      layout_loops_ring, shapermc_ecumenical_altar_gd
D:3:      layout_basic, minmay_misc_feat_hallway, kennysheep_generic_room_10
D:4:      layout_basic, minmay_temple_entry_antechambers, saegor_snake_ambush,
          uniq_eustachio
D:5:      layout_loops_cross, gup_sewer_entry_spiral, nrook_uturn,
          kennysheep_diamond, uniq_ijyb
D:6:      layout_cave_pools, mainiacjoe_overflow_tiny_flanked, serial_bayou,
          serial_bayou_shore_b, serial_bayou_shore_a, serial_bayou_pond_d,
          serial_bayou_pond_a, serial_bayou_shore_b
D:7:      layout_basic, enter_bailey_5, serial_bayou_pond_c,
          uniq_crazy_yiuf_cottage, uniq_maggie, uniq_duvessa
Temple:   hellmonk_temple_of_storms
Bailey:   bailey_axe_bossmonster_kennysheep, bailey

Skill      XL: |  1  2  3  4  5  6  7  8  9 |
---------------+----------------------------+-----
Armour         | 4 5 6 7 9 |  9.8
Axes           | 3 4 5 6 8 9 |  9.2
Shields        | 4 5 6 7 |  7.3
Fighting       | 4 5 6 7 |  7.1

Action                   |  1- 3 |  4- 6 |  7- 9 || total
-------------------------+-------+-------+-------++-------
Melee: War axe           |    70 |    99 |   250 ||   419
       Headbutt          |     7 |     8 |    44 ||    59
  Use: Potion            |       |     1 |    12 ||    13
       Scroll            |       |       |    17 ||    17
Armor: Scale mail        |    21 |    47 |   103 ||   171
Dodge: Dodged            |    39 |    38 |   105 ||   182
Block: Buckler           |    24 |    26 |    43 ||    93

Table legend: (Time is in decaauts)
 A = Elapsed time spent in this place.
 B = Non-inter-level travel time spent in this place.
 C = Inter-level travel time spent in this place.
 D = Time resting spent in this place.
 E = Time spent auto-exploring this place.
 F = Levels seen in this place.
 G = Mean time per level.
                   A        B        C        D        E       F      G
               +--------+--------+--------+--------+--------+-----+--------+
         Total |   7335 |   7192 |    143 |   1765 |   4103 |   9 |  815.0 |
       Dungeon |   5627 |   5484 |    143 |    407 |   4083 |   7 |  803.9 |
        Temple |     49 |     49 |      0 |      0 |     17 |   1 |   49.0 |
        Bailey |   1659 |   1659 |      0 |   1358 |      3 |   1 | 1659.0 |
               +--------+--------+--------+--------+--------+-----+--------+

Top non-repeatable levels by time:
  Bailey: 1659 daAuts
     D:5: 1500 daAuts
     D:4: 1087 daAuts
     D:6: 875 daAuts
     D:2: 748 daAuts
     D:3: 733 daAuts
     D:1: 669 daAuts
  Temple: 49 daAuts
     D:7: 12 daAuts
